 Dungeon Crawl Stone Soup version 0.21.1-1-g345015f (webtiles) character file.

2522 suicidejoker the Quickloader (level 9, -2/79 HPs)
             Began as a Minotaur Hunter on Mar 20, 2018.
             Was a Follower of Cheibriados.
             Slain by an ogre
             ... wielding a +0 giant club
              (15 damage)
             ... on level 8 of the Dungeon.
             The game lasted 00:10:07 (4556 turns).

suicidejoker the Quickloader (Minotaur Hunter)      Turns: 4556, Time: 00:10:08

Health: -2/79      AC: 14    Str: 19    XL:     9   Next: 29%
Magic:  10/10      EV: 14    Int: 10    God:    Cheibriados [*.....]
Gold:   263        SH:  9    Dex: 16    Spells: 8/8 levels left

rFire    . . .     SeeInvis .   c - +0 flail (protect)
rCold    . . .     Gourm    .   t - +0 shield
rNeg     . . .     Faith    .   x - +2 robe {MR+}
rPois    .         Spirit   .   (helmet restricted)
rElec    .         Reflect  .   s - +2 cloak
rCorr    .         Harm     .   (no gloves)
MR       +....                  (no boots)
Stlth    ++........             (no amulet)
HPRegen  0.23/turn              (no ring)
MPRegen  0.12/turn              (no ring)

@: protection aura, very slow
A: retaliatory headbutt, horns 2
a: Bend Time, Renounce Religion


You were on level 8 of the Dungeon.
You worshipped Cheibriados.
Cheibriados was aware of your devotion.
You were not hungry.

You visited 1 branch of the dungeon, and saw 7 of its levels.

You collected 263 gold pieces.

Inventory:

Hand Weapons
 a - a +1 hand crossbow
 b - a +0 dagger of holy wrath
 c - a +0 flail of protection (weapon)
 i - a +2 scimitar of flaming
 u - a +0 short sword of flaming
 y - a +0 shortbow
Missiles
 k - 34 poisoned needles (quivered)
 l - 12 bolts
 z - 19 arrows
Armour
 s - a +2 cloak (worn)
 t - a +0 shield (worn)
 x - a +2 robe of magic resistance (worn)
Wands
 w - a wand of enslavement (15)
Scrolls
 d - 2 scrolls of amnesia {unknown}
 e - 2 scrolls of fog
 g - 2 scrolls of remove curse
 h - a scroll of blinking {unknown}
 j - 3 scrolls of teleportation {unknown}
 m - a scroll of noise {unknown}
 p - 4 scrolls of identify {unknown}
 q - a scroll of magic mapping {unknown}
Potions
 r - a potion of haste
Comestibles
 f - 6 rations


   Skills:
 + Level 7.3 Fighting
 + Level 0.0 Maces & Flails
 * Level 10.1 Crossbows
 + Level 6.6 Dodging
 - Level 0.7 Stealth
 + Level 3.4 Shields
 * Level 3.4 Invocations


You had 8 spell levels left.
You didn't know any spells.

Dungeon Overview and Level Annotations

Branches:
Dungeon (8/15)             Temple (0/1) D:7
   Lair: D:8-11

Altars:
Cheibriados
Gozag
Sif Muna
Trog
Xom
The Shining One


Innate Abilities, Weirdness & Mutations

You reflexively headbutt those who attack you in melee.
You have a pair of horns on your head.


Message History

You sock the ogre!
Your weapon exudes an aura of protection.
The ogre is moderately wounded.
The ogre misses you.
You hit the ogre.
The ogre is heavily wounded.
The ogre closely misses you.
You barely miss the ogre. You headbutt the ogre.
The ogre is heavily wounded.
You block the ogre's attack.
You hit the ogre.
The ogre is severely wounded.
The ogre hits you with a giant club!
* * * LOW HITPOINT WARNING * * *
The ogre hits you with a giant club.
* * * LOW HITPOINT WARNING * * *
You barely miss the ogre. Your headbutt misses the ogre.
The ogre is severely wounded.
The ogre hits you with a giant club!
You die...

### (.## ..# ######(#
...##.##
#.#####.##.)######.#(
.............@O(?(((.
.#####.###.####(.(#.
#######.# #..# ##
####.......# ##.#
...........# #.#
...........+ ...
...#.......# .....
.#.#.......#.##....
.#.....#####.#......


You could see an ogre.

Vanquished Creatures
  Erica (D:8)
  The ghost of jagang the Chopper, a novice HOMo (D:4)
  Sigmund (D:3)
  The ghost of domi the Grave Robber, an amateur GnNe (D:3)
  Duvessa (D:7)
  A black bear (D:7)
  A phantom (D:7)
  A centaur (D:7)
  2 ogres
  Dowan (D:7)
  An orc priest (D:4)
  2 hounds (D:7)
  An orc wizard (D:4)
  Crazy Yiuf (D:3)
  Natasha (thrice) (D:2)
  2 worker ants
  A killer bee zombie (D:7)
  2 hound skeletons
  3 gnolls (D:4)
  A howler monkey skeleton (D:5)
  5 adders
  A worm (D:2)
  3 dart slugs
  3 leopard geckos
  13 orcs
  13 bats
  8 giant cockroaches
  10 goblins
  7 hobgoblins
  14 jackals
  3 quokkas
  4 ball pythons
  2 frilled lizards (D:4)
  2 kobolds
  A leopard gecko skeleton (D:4)
  A quokka zombie (D:7)
  5 rats
123 creatures vanquished.

Notes
Turn   | Place    | Note
-------+----------+-------------------------------------------
     0 | D:1      | suicidejoker the Minotaur Hunter began the quest for the Orb.
     0 | D:1      | Reached XP level 1. HP: 18/18 MP: 0/0
   163 | D:1      | Reached XP level 2. HP: 18/25 MP: 1/1
   544 | D:1      | Reached skill level 5 in Crossbows
  1024 | D:2      | Reached XP level 3. HP: 31/31 MP: 2/2
  1403 | D:2      | Noticed Natasha
  1407 | D:2      | Killed Natasha
  1407 | D:2      | Reached XP level 4. HP: 30/38 MP: 3/3
  1519 | D:2      | Noticed Natasha
  1524 | D:2      | Killed Natasha
  1560 | D:2      | Found a bloodstained altar of Trog.
  1660 | D:2      | Noticed Natasha
  1664 | D:2      | Killed Natasha
  1664 | D:2      | Reached XP level 5. HP: 28/46 MP: 4/4
  1778 | D:3      | Noticed Sigmund
  1785 | D:3      | Killed Sigmund
  1785 | D:3      | Reached skill level 6 in Crossbows
  1785 | D:3      | Reached XP level 6. HP: 47/53 MP: 5/5
  1904 | D:3      | Noticed domi's ghost (amateur GnNe)
  1910 | D:3      | Killed domi's ghost
  1910 | D:3      | Reached skill level 7 in Crossbows
  1972 | D:3      | Found a glowing golden altar of the Shining One.
  2104 | D:3      | Found a runed door.
  2496 | D:3      | Found an opulent altar of Gozag.
  2583 | D:3      | Noticed Crazy Yiuf
  2586 | D:3      | Killed Crazy Yiuf
  2699 | D:4      | Reached skill level 5 in Fighting
  2699 | D:4      | Reached XP level 7. HP: 61/61 MP: 6/6
  2811 | D:4      | Noticed jagang's ghost (novice HOMo)
  2857 | D:4      | Killed jagang's ghost
  2857 | D:4      | Reached skill level 8 in Crossbows
  2857 | D:4      | Reached skill level 5 in Dodging
  2857 | D:4      | Reached XP level 8. HP: 43/70 MP: 0/7
  3375 | D:5      | Entered Level 5 of the Dungeon
  3466 | D:5      | You fall through a shaft for 2 floors!
  3485 | D:7      | Reached skill level 9 in Crossbows
  3485 | D:7      | Reached skill level 1 in Shields
  3558 | D:7      | Found a snail-covered altar of Cheibriados.
  3561 | D:7      | Became a worshipper of Cheibriados the Contemplative
  3599 | D:7      | Noticed Duvessa
  3599 | D:7      | Noticed Dowan
  3615 | D:7      | Killed Duvessa
  3617 | D:7      | Killed Dowan
  3617 | D:7      | Reached skill level 1 in Invocations
  4118 | D:7      | Found a staircase to the Ecumenical Temple.
  4159 | D:7      | Found a deep blue altar of Sif Muna.
  4400 | D:8      | Found a shimmering altar of Xom.
  4440 | D:8      | Reached * piety under Cheibriados
  4480 | D:8      | Noticed Erica
  4498 | D:8      | Killed Erica
  4498 | D:8      | Reached skill level 10 in Crossbows
  4498 | D:8      | Reached XP level 9. HP: 28/79 MP: 8/10
  4556 | D:8      | Slain by an ogre

Skill      XL: |  1  2  3  4  5  6  7  8 |
---------------+-------------------------+-----
Fighting       | 3 4 5 6 7 |  7.3
Crossbows      | 5 6 7 8 10 | 10.1
Dodging        | 3 4 5 6 |  6.6
Shields        | 3 |  3.4
Invocations    | 3 |  3.4
Stealth        | |  0.7

Action                   |  1- 3 |  4- 6 |  7- 9 || total
-------------------------+-------+-------+-------++-------
Melee: Mace              |       |       |    23 ||    23
       Headbutt          |       |       |     9 ||     9
       Flail             |       |       |    12 ||    12
       Unarmed           |       |       |     7 ||     7
 Fire: Hand crossbow     |    88 |    76 |   170 ||   334
Throw: Throwing net      |       |       |     2 ||     2
  Use: Potion            |       |       |    10 ||    10
       Scroll            |       |       |     2 ||     2
  Eat: Chunk             |     1 |     4 |     4 ||     9
       Ration            |       |       |     1 ||     1
Armor: Leather armour    |     5 |     1 |    16 ||    22
       Robe              |       |       |     7 ||     7
       Skin              |       |       |     6 ||     6
Dodge: Dodged            |    19 |     7 |    55 ||    81
Block: Shield            |       |       |    34 ||    34
